AoeStats
← 太阳当空照

Arena

510237604Analyzed
3v3 RM · 3d ago on Sep 30, 2026· 49m 31s· 6 players
Game mode
Random Map
Map size
Normal (6 player)
Population
200
Speed
Normal
Resources
Standard
Victory
Conquest
Starting age
Dark Age
Ending age
Imperial Age
RankedLock teamsTeams togetherTeam positionsShared explorationLock speedFull tech treeHidden civsTurbo modeCheats
Victory
Defeat
🇨🇳 Franks · China
1304
+14
🇨🇳 Turks · China
1283
+15
🇨🇳 Spanish · China
1194
+19
🇦🇷 Saracens · Argentina
1288
-17
🇦🇷 Cumans · Argentina
1256
-16
🇦🇷 Byzantines · Argentina
1228
-15
Togn11
4:39 Loom
13:19 Feudal Age
13:51 Double-Bit Axe
13:47 Horse Collar
15:50 Gold Mining
18:33 Castle Age
16:48 Forging
19:04 Scale Barding Armor
25:02 Scale Mail Armor
25:48 Iron Casting
28:31 Bow Saw
29:17 Chain Barding Armor
34:13 Wheelbarrow
39:31 Hand Cart
45:03 Imperial Age
45:12 Cavalier
45:53 Husbandry
45:16 Heavy Camel Rider
46:41 Plate Barding Armor
46:36 Cavalier
navy15
6:23 Loom
8:58 Feudal Age
10:10 Horse Collar
10:18 Double-Bit Axe
20:38 Castle Age
19:03 Gold Mining
20:51 Wheelbarrow
20:02 Town Watch
25:28 Heavy Plow
27:36 Bow Saw
28:48 Bloodlines
29:11 Fletching
29:22 Padded Archer Armor
31:05 Hand Cart
34:01 Imperial Age
33:32 Gold Shaft Mining
32:48 Stone Mining
33:37 Gold Shaft Mining
33:30 Bodkin Arrow
33:50 Leather Archer Armor
34:36 Steppe Husbandry
36:55 Chemistry
36:15 Ballistics
36:33 Ring Archer Armor
36:17 Masonry
36:03 Murder Holes
35:59 Elite Kipchak
36:51 Scale Barding Armor
36:57 Forging
39:32 Steppe Husbandry
40:12 Crop Rotation
40:44 Two-Man Saw
40:26 Conscription
41:38 Chain Barding Armor
41:54 Iron Casting
42:45 Hoardings
42:53 Cavalier
44:02 Parthian Tactics
43:43 Thumb Ring
43:13 Heavy Cavalry Archer
46:15 Plate Barding Armor
46:41 Blast Furnace
46:50 Paladin
47:04 Light Cavalry
RorrO Señor Feudal
11:06 Feudal Age
15:26 Castle Age
13:13 Double-Bit Axe
13:24 Gold Mining
15:51 Fletching
16:54 Bow Saw
17:25 Gold Shaft Mining
18:02 Crossbowman
20:31 Wheelbarrow
21:09 Ballistics
21:29 Bodkin Arrow
22:29 Horse Collar
23:23 Padded Archer Armor
24:57 Leather Archer Armor
24:39 Town Watch
24:40 Loom
30:29 Imperial Age
36:02 Imperial Age
43:04 Bracer
太阳当空照
10:48 Feudal Age
14:53 Castle Age
16:11 Double-Bit Axe
16:37 Padded Archer Armor
16:22 Horse Collar
27:18 Loom
30:26 Fletching
36:41 Bloodlines
40:49 Leather Archer Armor
41:04 Husbandry
46:35 Wheelbarrow
49:51 Bodkin Arrow
小虾米
10:42 Feudal Age
15:57 Castle Age
17:21 Loom
20:43 Imperial Age
18:30 Double-Bit Axe
18:55 Horse Collar
20:31 Bow Saw
37:17 Wheelbarrow
44:45 Padded Archer Armor
646257513
5:22 Loom
11:34 Feudal Age
16:00 Castle Age
14:12 Double-Bit Axe
15:33 Gold Mining
17:37 Bow Saw
23:31 Wheelbarrow
24:15 Town Watch
24:36 Fletching
24:47 Padded Archer Armor
31:50 Bodkin Arrow
32:10 Leather Archer Armor
35:07 Imperial Age
33:09 Hand Cart
32:55 Town Patrol
35:30 Forging
35:28 Scale Barding Armor
35:40 Heavy Scorpion
36:45 Ballistics
38:28 Iron Casting
38:17 Chain Barding Armor
39:20 Chemistry
38:11 Cavalier
40:28 Blast Furnace
40:39 Husbandry
40:15 Paladin
41:43 Plate Barding Armor
42:51 Gold Shaft Mining
Connection lost

Rejoining the realm…

Still unreachable

The connection could not be restored.

Session expired

The server has moved on; the page needs a fresh start.